 Dungeon Sprint DCSS version 0.22-a0-136-g83a10e5898 (webtiles) character file.

143 Denreik the Thaumaturge (level 5, 0/38 HPs)
             Began as a Formicid Skald on Feb 2, 2018.
             Slain by an adder (2 damage)
             ... in the Dungeon (Sprint IX: "|||||||||||||||||||||||||||||").
             The game lasted 00:02:14 (381 turns).

Denreik the Thaumaturge (Formicid Skald)             Turns: 381, Time: 00:02:14

Health: 0/38       AC:  3    Str: 16    XL:     5   Next: 50%
Magic:  14/17      EV: 11    Int: 13    God:
Gold:   0          SH:  0    Dex: 10    Spells: 19/24 levels left

rFire    . . .     SeeInvis +   a - +0 mace
rCold    . . .     Gourm    .   (no shield)
rNeg     . . .     Faith    .   b - +0 leather armour
rPois    .         Spirit   .   (helmet unavailable)
rElec    .         Reflect  .   (no cloak)
rCorr    .         Harm     .   (no gloves)
MR       .....                  (no boots)
Stlth    +.........             (no amulet)
HPRegen  0.12/turn              (no ring)
MPRegen  0.15/turn              (no ring)

@: lethally poisoned (0 -> -5)
A: permanent stasis, dig shafts and tunnels, four strong arms, antennae 3
a: Dig


You were in the Dungeon.
You were not hungry.

You visited 1 branch

Inventory:

Hand Weapons
 a - a +0 mace (weapon)
Armour
 b - a +0 leather armour (worn)
Scrolls
 j - a scroll of blinking
Potions
 g - a potion of haste
 h - a potion of magic
 i - a potion of berserk rage
Books
 c - a book of Battle

   Spells                             Type                      Level
   a - Infusion                       Charms                       1
   b - Shroud of Golubria             Charms/Translocation         2
   c - Song of Slaying                Charms                       2
   d - Spectral Weapon                Hexes/Charms                 3
   e - Regeneration                   Charms/Necromancy            3
Comestibles
 d - a ration


   Skills:
 - Level 2.1 Fighting
 - Level 2.0 Maces & Flails
 - Level 1.1 Armour
 - Level 1.7 Dodging
 * Level 10.3 Spellcasting
 - Level 3.0 Charms


You had 19 spell levels left.
You knew the following spells:

 Your Spells              Type           Power        Failure   Level  Hunger
a - Infusion              Chrm           ##..         3%          1    None
b - Song of Slaying       Chrm           ##......     6%          2    None
c - Shroud of Golubria    Chrm/Tloc      ##........   11%         2    None


Dungeon Overview and Level Annotations

Branches:
Dungeon (1/1)

Altars:


Innate Abilities, Weirdness & Mutations

You cannot be hasted, slowed, berserked, paralysed or teleported.
You can dig through walls and to a lower floor.
Your four strong arms can wield two-handed weapons with a shield.
You have a pair of large antennae on your head. (SInv)


Message History

The adder barely misses you. The adder bites you.
* * * LOW HITPOINT WARNING * * *
You closely miss the adder.
The adder is moderately wounded.
The adder bites you.
* * * LOW HITPOINT WARNING * * *
You are poisoned.
The adder poisons you! The adder bites you.
* * * LOW HITPOINT WARNING * * *
You are lethally poisoned!
The adder poisons you!
Okay, then.
* * * LOW HITPOINT WARNING * * *
You feel sick.
* * * LOW HITPOINT WARNING * * *
You feel sick.
You closely miss the adder.
The adder is moderately wounded.
The adder bites you.
You die... ▓▓▓▓▓▓▓▓▓▓▓▓▓▓▓▓▓▓ +.....YOS@..'...<▓ ▓▓▓▓▓▓▓▓▓▓▓▓▓▓▓▓▓▓

You could see an ice beast, an ogre and an adder.

Vanquished Creatures
  A sky beast (D)
  A scorpion (D)
  A leopard gecko (D)
  A giant cockroach (D)
  A hobgoblin (D)
  2 frilled lizards (D)
7 creatures vanquished.

Notes
Turn   | Place    | Note
-------+----------+-------------------------------------------
     0 | D        | Denreik the Formicid Skald began the quest for the Orb.
     0 | D        | Reached XP level 1. HP: 16/16 MP: 3/3
     6 | D        | Reached skill level 3 in Spellcasting
    25 | D        | Reached skill level 4 in Spellcasting
    27 | D        | Reached XP level 2. HP: 9/22 MP: 5/7
   214 | D        | Learned a level 2 spell: Song of Slaying
   217 | D        | Learned a level 2 spell: Shroud of Golubria
   350 | D        | Noticed an ice beast
   350 | D        | Noticed an ogre
   350 | D        | Noticed a sky beast
   350 | D        | Noticed a scorpion
   358 | D        | Killed a scorpion
   358 | D        | Reached skill level 7 in Spellcasting
   358 | D        | Reached XP level 3. HP: 21/27 MP: 0/12
   358 | D        | Reached XP level 4. HP: 26/33 MP: 0/13
   369 | D        | Killed a sky beast
   369 | D        | Reached skill level 10 in Spellcasting
   369 | D        | Reached XP level 5. HP: 12/38 MP: 11/17
   381 | D        | Slain by an adder

Vault maps used:
D:        linesprint

Skill      XL: |  1  2  3  4 |
---------------+-------------+-----
Spellcasting   | 4 7 10 | 10.3
Fighting       | |  2.1
Maces & Flails | |  2.0
Armour         | |  1.1
Dodging        | |  1.7
Charms         | |  3.0

Action                   |  1- 3 |  4- 6 || total
-------------------------+-------+-------++-------
Melee: Mace              |    30 |    19 ||    49
 Cast: Shroud of Golubri |     2 |       ||     2
       Infusion          |     2 |       ||     2
       Song of Slaying   |     1 |       ||     1
  Use: Potion            |     1 |     2 ||     3
Armor: Leather armour    |     8 |     4 ||    12
Dodge: Dodged            |    19 |    15 ||    34

Table legend:
 A = Spawn XP
 B = Non-spawn XP
 C = Spawn XP percentage of total XP
 D = Spawn monster count
 E = Non-spawn monster count
 F = Spawn count percentage of total count
 G = Total turns spent on level
                    A         B        C        D         E        F      G
               +---------+---------+-------+---------+---------+-------+---------
         Total |       0 |     205 |   0.0 |       0 |       7 |   0.0 |   381
               +---------+---------+-------+---------+---------+-------+---------
             D |       0 |     205 |   0.0 |       0 |       7 |   0.0 |   381
               +---------+---------+-------+---------+---------+-------+---------
